 Dungeon Crawl Stone Soup version 0.22.1-1-ga44c0e5 (webtiles) character file.

4748 dvd the Basher (level 10, -5/96 HPs)
             Began as a Troll Fighter on Sept 26, 2018.
             Was a High Priest of Cheibriados.
             Killed from afar by an orc sorcerer (35 damage)
             ... with a bolt of fire
             ... on level 8 of the Dungeon.
             The game lasted 00:19:08 (6278 turns).

dvd the Basher (Troll Fighter)                      Turns: 6278, Time: 00:19:09

Health: -5/96      AC:  6    Str: 38    XL:     10   Next: 23%
Magic:  9/9        EV: 10    Int: 15    God:    Cheibriados [*****.]
Gold:   42         SH: 20    Dex: 22    Spells: 9/9 levels left

rFire    . . .     SeeInvis .   G - +0 morningstar
rCold    . . .     Gourm    +   d - +1 large shield {reflect}
rNeg     . . .     Faith    .   b - +0 robe
rPois    +         Spirit   .   (helmet restricted)
rElec    .         Reflect  +   k - +0 cloak
rCorr    +         Harm     .   (gloves unavailable)
MR       .....                  (boots unavailable)
Stlth    ++........             (no amulet)
HPRegen  0.66/turn              q - ring of resist corrosion
MPRegen  0.11/turn              F - ring of poison resistance

@: drained, very slow
A: large, unfitting armour, claws 3, fast metabolism 3, gourmand, regeneration
1, shaggy fur 1, tough skin 2
a: Bend Time, Temporal Distortion, Slouch, Step From Time, Renounce Religion


You were on level 8 of the Dungeon.
You worshipped Cheibriados.
Cheibriados was extremely pleased with you.
You were very full.

You visited 1 branch of the dungeon, and saw 8 of its levels.

You collected 237 gold pieces.
You spent 195 gold pieces at shops.

Inventory:

Hand Weapons
 a - a +0 flail
 G - a +0 morningstar (weapon)
Missiles
 C - 4 tomahawks (quivered)
Armour
 b - a +0 robe (worn)
 d - a +1 large shield of reflection (worn)
 k - a +0 cloak (worn)
Magical Staves
 r - an uncursed staff of cold
Jewellery
 q - a ring of resist corrosion (left claw)
 F - a ring of poison resistance (right claw)
Wands
 u - a wand of acid (14)
 y - a wand of polymorph (6)
Scrolls
 e - a scroll of amnesia
 i - 2 scrolls of fog {unknown}
 l - 3 scrolls of fear {unknown}
 n - a scroll of magic mapping {unknown}
 o - 2 scrolls of teleportation {unknown}
 p - 9 scrolls of identify {unknown}
 x - 4 scrolls of remove curse
 B - a scroll of summoning {unknown}
 E - a scroll of immolation {unknown}
Potions
 g - 3 potions of heal wounds {unknown}
 h - 2 potions of ambrosia {unknown}
 j - a potion of curing {unknown}
 m - 4 potions of flight {unknown}
 s - 2 potions of haste {unknown}
 t - a potion of degeneration {unknown}
 v - a potion of lignification {unknown}
 w - 2 potions of brilliance {unknown}
 z - 3 potions of agility {unknown}
 A - a potion of mutation {unknown}
 D - a potion of invisibility {unknown}
 H - 2 potions of might
Comestibles
 f - 19 rations


   Skills:
 + Level 5.0(4.0) Fighting
 + Level 8.5(7.4) Maces & Flails
 + Level 4.0(3.0) Throwing
 + Level 6.0(5.0) Dodging
 + Level 1.4(0.5) Stealth
 + Level 6.0(5.0) Shields
 + Level 0.4(0.0) Invocations
 + Level 0.6(0.0) Evocations


You had 9 spell levels left.
You didn't know any spells.
Your spell library contained the following spells:

 Spells                   Type           Power        Failure   Level  Hunger
 Recall                   Summ/Tloc      N/A          100%        3    ####...
 Animate Dead             Necr           N/A          100%        4    #####..
 Borgnjor's Vile Clutch   Necr/Erth      #.........   100%        5    ######.
 Death Channel            Necr           #.........   100%        6    #######
 Simulacrum               Ice/Necr       #.........   100%        6    #######


Dungeon Overview and Level Annotations

Branches:
Dungeon (8/15)             Temple (0/1) D:5
   Lair: D:8-11

Altars:
Cheibriados
Dithmenos
Elyvilon
Fedhas
Gozag
Nemelex Xobeh
Okawaru
Ru
Zin

Shops:
D:8 [


Innate Abilities, Weirdness & Mutations

You are too large for most types of armour.
You have claws for hands.
Your metabolism is lightning-fast.
You like to eat raw meat.
Your natural rate of healing is unusually fast.
You are covered in fur. (AC +1)
You have very tough skin. (AC +2)


Message History

The orc sorcerer closely misses you. You block the hound's attack.
You thump the orc sorcerer!
The orc sorcerer is severely wounded.
You are covered in liquid flames!
You block the hound's attack. You block the smoke demon's attack. x2
The smoke demon hits you.
The orc sorcerer gestures at you while chanting.
The bolt of fire hits you! The hound closely misses you.
Your shield prevents you from hitting the orc sorcerer.
The orc sorcerer is severely wounded.
You are covered in liquid flames!
The smoke demon hits you. You block the smoke demon's attack.
The smoke demon hits you but does no damage.
The hound bites you. You block the orc sorcerer's attack.
The smoke demon hits you but does no damage.
You block the smoke demon's attack. The smoke demon hits you.
The hound closely misses you. The orc sorcerer casts a spell at you.
The bolt of fire hits you!
You die...

#....#.)##..#.#
#..#.#..##..#.#
####.#####..#..
#######.#####..###
..#............###
##.#..#######.#.)..
#..#..# ##'#####
#.##o.#..# ##...##
#(.h@3..# ##.....##
##...#..#
##.......##
#...#..###.........#
#..##....'.........+
...#
#..###.........#
#.## #..#
##.......## ... ...#
##.....## ## #.#
##)..## ##)##


You could see a smoke demon, an orc sorcerer and a hound.

Vanquished Creatures
  Harold (D:8)
  An orc sorcerer (D:8)
  A hippogriff (D:5)
  A spriggan (D:7)
  2 hungry ghosts
  Menkaure (D:5)
  2 orc warriors (D:7)
  An ice beast (D:7)
  2 black bears (D:8)
  5 ogres
  A necrophage (D:8)
  A phantom (D:5)
  3 centaurs
  A big kobold (D:6)
  A bullfrog (D:7)
  2 wyvern skeletons (D:7)
  4 killer bees (D:7)
  2 howler monkeys
  3 jellies
  4 crimson imps
  2 orc priests
  A centaur skeleton (D:6)
  6 hounds
  7 orc wizards
  A bullfrog skeleton (D:7)
  6 iguanas
  2 worker ants
  A worker ant zombie (D:5)
  3 gnolls (D:5)
  10 adders
  2 worms
  2 dart slugs
  2 leopard geckos
  14 orcs
  4 bats (D:1)
  A giant cockroach (D:2)
  11 goblins
  11 hobgoblins
  10 jackals
  11 kobolds
  A quokka (D:2)
  3 ball pythons
  4 frilled lizards
  10 rats
  A plant (D:6)
165 creatures vanquished.

Vanquished Creatures (others)
  An adder (D:4)
  2 orcs (D:8)
3 creatures vanquished.

Grand Total: 168 creatures vanquished

Notes
Turn   | Place    | Note
-------+----------+-------------------------------------------
     0 | D:1      | dvd the Troll Fighter began the quest for the Orb.
     0 | D:1      | Reached XP level 1. HP: 22/22 MP: 0/0
   101 | D:1      | Reached XP level 2. HP: 24/29 MP: 1/1
   240 | D:1      | Reached skill level 2 in Maces & Flails
   670 | D:2      | Reached XP level 3. HP: 28/36 MP: 2/2
   824 | D:2      | Found a snail-covered altar of Cheibriados.
   848 | D:2      | Reached XP level 4. HP: 44/44 MP: 3/3
   850 | D:2      | Became a worshipper of Cheibriados the Contemplative
  1421 | D:3      | Reached * piety under Cheibriados
  1426 | D:3      | Reached XP level 5. HP: 19/52 MP: 0/4
  1735 | D:3      | Found an opulent altar of Gozag.
  2230 | D:3      | Reached skill level 3 in Maces & Flails
  2802 | D:4      | Found a shadowy altar of Dithmenos.
  2802 | D:4      | Found a white marble altar of Elyvilon.
  2808 | D:4      | Found a sacrificial altar of Ru.
  2810 | D:4      | Found a faded altar of an unknown god.
  2811 | D:4      | Found a faded altar of an unknown god.
  2928 | D:4      | Found a white marble altar of Elyvilon.
  3018 | D:4      | Noticed an ogre
  3025 | D:4      | Killed an ogre
  3025 | D:4      | Reached skill level 1 in Throwing
  3025 | D:4      | Reached XP level 6. HP: 29/61 MP: 5/5
  3221 | D:4      | Found a blossoming altar of Fedhas.
  3277 | D:4      | Found an iron altar of Okawaru.
  3413 | D:5      | Entered Level 5 of the Dungeon
  3428 | D:5      | Reached ** piety under Cheibriados
  3587 | D:5      | Reached XP level 7. HP: 67/67 MP: 6/6
  3645 | D:5      | Noticed a hippogriff
  3661 | D:5      | Killed a hippogriff
  3661 | D:5      | Reached skill level 4 in Maces & Flails
  3793 | D:5      | Noticed Menkaure
  3864 | D:5      | Killed Menkaure
  3864 | D:5      | Reached XP level 8. HP: 51/78 MP: 7/7
  3866 | D:5      | Reached skill level 5 in Maces & Flails
  4144 | D:5      | Found a staircase to the Ecumenical Temple.
  4337 | D:6      | Reached skill level 5 in Dodging
  4535 | D:6      | Reached *** piety under Cheibriados
  5341 | D:7      | Reached skill level 6 in Maces & Flails
  5344 | D:7      | Reached skill level 1 in Stealth
  5446 | D:7      | Reached XP level 9. HP: 79/84 MP: 8/8
  5451 | D:7      | Reached **** piety under Cheibriados
  5575 | D:7      | Reached skill level 5 in Shields
  5616 | D:7      | Reached skill level 7 in Maces & Flails
  5713 | D:7      | Found a glowing silver altar of Zin.
  5714 | D:7      | Found a sparkling altar of Nemelex Xobeh.
  5882 | D:8      | Found Rauneki's Antique Armour Emporium.
  5885 | D:8      | Bought a shiny large shield for 195 gold pieces
  5935 | D:8      | Noticed Harold
  5956 | D:8      | Killed Harold
  5961 | D:8      | Reached skill level 8 in Maces & Flails
  6199 | D:8      | Reached XP level 10. HP: 85/94 MP: 9/9
  6205 | D:8      | Reached ***** piety under Cheibriados
  6232 | D:8      | Noticed an orc sorcerer
  6238 | D:8      | Killed an orc sorcerer
  6238 | D:8      | Reached skill level 5 in Fighting
  6260 | D:8      | Noticed an orc sorcerer
  6261 | D:8      | Paralysed by an orc sorcerer for 6 turns
  6275 | D:8      | Noticed a smoke demon
  6278 | D:8      | Killed from afar by an orc sorcerer

Skill      XL: |  1  2  3  4  5  6  7  8  9 10 |
---------------+-------------------------------+-----
Maces & Flails | 2 3 4 6 8 |  8.5
Dodging        | 3 4 5 6 |  6.0
Shields        | 3 4 5 6 |  6.0
Fighting       | 3 4 5 |  5.0
Throwing       | 1 2 3 4 |  4.0
Stealth        | 1 |  1.4
Invocations    | |  0.4
Evocations     | |  0.6

Action                   |  1- 3 |  4- 6 |  7- 9 | 10-12 || total
-------------------------+-------+-------+-------+-------++-------
Melee: Flail             |   124 |   206 |   250 |       ||   580
       Morningstar       |       |       |    70 |    41 ||   111
Throw: Javelin           |       |    31 |    19 |       ||    50
       Tomahawk          |       |       |    23 |     2 ||    25
Invok: Bend Time         |       |     1 |     2 |       ||     3
Evoke: Wand              |       |       |     4 |       ||     4
  Use: Scroll            |       |     2 |     1 |       ||     3
       Potion            |       |       |     1 |       ||     1
 Stab: Sleeping          |       |     1 |     2 |       ||     3
  Eat: Chunk             |    14 |    19 |    22 |     3 ||    58
Armor: Robe              |    44 |    73 |    56 |    13 ||   186
Dodge: Dodged            |    50 |    65 |   128 |    15 ||   258
Block: Shield            |    78 |   105 |   192 |       ||   375
       Large shield      |       |       |    43 |    55 ||    98
       Reflection        |       |       |     3 |       ||     3
